 Dungeon Crawl Stone Soup version 0.21-a0-509-gecc5317 (webtiles) character file.

658 Gildeon the Covered (level 7, -10/56 HPs)
             Began as a Human Fighter on Nov 29, 2017.
             Was an Initiate of Okawaru.
             Mangled by an ogre
             ... wielding a +0 giant club
              (17 damage)
             ... on level 5 of the Dungeon.
             The game lasted 00:24:28 (4301 turns).

Gildeon the Covered (Human Fighter)                 Turns: 4301, Time: 00:24:29

Health: -10/56     AC:  7    Str: 17    XL:     7   Next: 86%
Magic:  7/7        EV: 11    Int: 10    God:    Okawaru [......]
Gold:   159        SH:  0    Dex: 12    Spells: 0/6 levels left

rFire    . . .     SeeInvis .   a - +0 halberd
rCold    . . .     Gourm    .   (shield currently unavailable)
rNeg     . . .     Faith    .   j - +0 ring mail
rPois    .         Spirit   .   l - +0 helmet
rElec    .         Reflect  .   (no cloak)
rCorr    .         Harm     .   (no gloves)
MR       .....                  (no boots)
Stlth    +.........             (no amulet)
HPRegen  0.18/turn              (no ring)
MPRegen  0.10/turn              (no ring)

@: no status effects
A: no striking features
a: Renounce Religion


You were on level 5 of the Dungeon.
You worshipped Okawaru.
Okawaru was noncommittal.
You were not hungry.

You visited 2 branches of the dungeon, and saw 6 of its levels.

You collected 159 gold pieces.

Inventory:

Hand Weapons
 a - a +0 halberd (weapon)
 b - a +0 trident
Missiles
 d - 16 bolts
 i - 19 arrows
Armour
 j - a +0 ring mail (worn)
 l - a +0 helmet (worn)
 m - a +4 chain mail of cold resistance
 r - a +1 scale mail
Scrolls
 o - 2 scrolls of teleportation
Potions
 c - 2 potions of ambrosia
 e - 3 potions of flight
 h - 5 potions of curing {unknown}
 k - 4 potions of brilliance {unknown}
 q - 2 potions of mutation {unknown}
Books
 s - a book of Changes

   Spells                             Type                      Level
   a - Beastly Appendage              Transmutation                1
   b - Sticks to Snakes               Transmutation                2
   c - Spider Form                    Transmutation/Poison         3
   d - Ice Form                       Ice/Transmutation            4
   e - Blade Hands                    Transmutation                5
Comestibles
 f - 3 bread rations
 g - a meat ration
 n - 2 fruits
 p - a royal jelly
 t - 3 chunks of flesh


   Skills:
 - Level 5.0 Fighting
 - Level 5.1 Polearms
 - Level 5.2 Armour
 + Level 2.1 Dodging
   Level 3.0 Shields


You couldn't memorise any spells.
You knew the following spells:

 Your Spells              Type           Power        Failure   Level  Hunger
a - Beastly Appendage     Tmut           #.....       54%         1    ##.....
b - Sticks to Snakes      Tmut           #.......     69%         2    ###....
c - Spider Form           Tmut/Pois      #.........   89%         3    ####...


Dungeon Overview and Level Annotations

Branches:
Dungeon (5/15)             Temple (1/1) D:4

Altars:
Ashenzari
Cheibriados
Dithmenos
Elyvilon
Fedhas
Gozag
Hepliaklqana
Kikubaaqudgha
Makhleb
Nemelex Xobeh
Okawaru
Qazlal
Ru
Sif Muna
Trog
Uskayaw
Vehumet
Wu Jian
Xom
Yredelemnul
Zin
The Shining One

Shops:
D:4 :   D:5 (

Annotations:
D:5 Eustachio


Message History

Okay, then.
The ogre barely misses you.
Things that are here:
a short sword; an orc corpse Your ring mail prevents you from hitting the quokka.
The quokka closely misses you. The ogre hits you with a giant club!!
Eustachio casts a spell.
Eustachio blinks!
The orc hits you with a flail.
You slash the quokka!
You kill the quokka!
The quokka's corpse disappears in a puff of smoke!
Eustachio casts a spell.
The orc misses you. The ogre misses you.
You slash the orc!
You kill the orc!
Okawaru accepts your kill.
You hit the ogre but do no damage. The ogre hits you with a giant club!
* * * LOW HITPOINT WARNING * * *
You barely miss the ogre. The ogre hits you with a giant club!
You die...

*,* *,,........ยง.# ***.,, *,*
***##.#......# *,..,, *,*
***,...#.....# ***#...,, * *,*
##,,,*#.....@.# *,....#,* ***,*
#.,***#...5..5####.....@,, ,**,*
#.** ##.##.5........##,,,, ,,*,*
##.*###..5)r.............,*
,,#.###..##...rO###..#.........,*
,,..............@.5......(....!,,
,*#.##..##..#...#.##......###..,,
**,>*#.#)...#.###.....###...*,.,,
*,,*##......#.###....##*,.#.#,,,,
,,**#......[.......#.# *,....,,,,
,**##.......###....#.###,**#,#,,,
,*##....................>* *.#,,,
,*#......######...##.*#..*##.#.,,
,*#........####...##.*#.##..,*.#*


You could see an ogre, a crimson imp, a white imp and a rat.

Vanquished Creatures
  A scorpion (D:4)
  A centaur zombie (D:5)
  A hound (D:4)
  An orc wizard (D:3)
  2 orc priests
  Jessica (D:2)
  Natasha (thrice) (D:2)
  3 worker ants (D:4)
  2 iguanas
  Robin (D:2)
  A hound skeleton (D:4)
  4 gnolls (D:4)
  8 adders
  2 adder skeletons
  2 dart slugs
  3 leopard geckos
  17 orcs
  A ball python (D:2)
  2 giant cockroaches (D:1)
  12 goblins
  9 hobgoblins
  3 quokkas
  3 bats
  3 frilled lizards
  5 kobolds
  A leopard gecko skeleton (D:4)
  5 rats
97 creatures vanquished.

Notes
Turn   | Place    | Note
-------+----------+-------------------------------------------
     0 | D:1      | Gildeon the Human Fighter began the quest for the Orb.
     0 | D:1      | Reached XP level 1. HP: 18/18 MP: 1/1
   114 | D:1      | Reached XP level 2. HP: 16/24 MP: 2/2
   586 | D:2      | Noticed Natasha
   591 | D:2      | Killed Natasha
   591 | D:2      | Reached XP level 3. HP: 20/29 MP: 3/3
   617 | D:2      | Found a sacrificial altar of Ru.
   883 | D:2      | Noticed Natasha
   887 | D:2      | Killed Natasha
   887 | D:2      | Reached XP level 4. HP: 27/35 MP: 4/4
  1073 | D:2      | Noticed Jessica
  1083 | D:2      | Killed Jessica
  1083 | D:2      | Reached XP level 5. HP: 40/41 MP: 5/5
  1112 | D:2      | Noticed Robin
  1114 | D:2      | Noticed Natasha
  1124 | D:2      | Killed Robin
  1124 | D:2      | Reached skill level 5 in Polearms
  1130 | D:2      | Killed Natasha
  1613 | D:3      | Reached XP level 6. HP: 42/48 MP: 6/6
  2493 | D:3      | Reached skill level 5 in Fighting
  3261 | D:4      | Reached XP level 7. HP: 49/56 MP: 7/7
  3458 | D:4      | Found Pubag's Book Boutique.
  3743 | D:4      | Found a staircase to the Ecumenical Temple.
  3803 | D:4      | Reached skill level 5 in Armour
  3923 | Temple   | Entered the Ecumenical Temple
  4053 | Temple   | Became a worshipper of Warmaster Okawaru
  4106 | D:5      | Entered Level 5 of the Dungeon
  4123 | D:5      | Found Ecunyl Piom's Weapon Boutique.
  4158 | D:5      | Learned a level 1 spell: Beastly Appendage
  4171 | D:5      | Learned a level 2 spell: Sticks to Snakes
  4175 | D:5      | Learned a level 3 spell: Spider Form
  4216 | D:5      | Reached skill level 1 in Dodging
  4281 | D:5      | Noticed Eustachio
  4301 | D:5      | Mangled by an ogre

Vault maps used:
D:1:      minmay_arrival_solitary_statue
D:2:      nicolae_ru_path_of_blood, uniq_jessica, uniq_robin, uniq_natasha
D:4:      minmay_temple_entry_crystal_x, first_bread, serial_shops,
          nicolae_shop_crystal, due_unseen_surprise
D:5:      serial_shops, shop, uniq_eustachio
Temple:   kilobyte_greek_temple

Skill      XL: |  1  2  3  4  5  6  7 |
---------------+----------------------+-----
Polearms       | 3 4 5 |  5.1
Fighting       | 4 5 |  5.0
Armour         | 5 |  5.2
Dodging        | 2 |  2.1
Shields        | |  3.0

Action                   |  1- 3 |  4- 6 |  7- 9 || total
-------------------------+-------+-------+-------++-------
Melee: Trident           |    56 |   261 |    84 ||   401
       Halberd           |       |       |    45 ||    45
  Use: Scroll            |     4 |     4 |     5 ||    13
       Potion            |     1 |       |       ||     1
  Eat: Chunk             |       |     8 |     2 ||    10
       Bread ration      |       |       |     1 ||     1
Armor: Scale mail        |    17 |    17 |       ||    34
       Chain mail        |       |   110 |    67 ||   177
       Ring mail         |       |       |     5 ||     5
Dodge: Dodged            |    24 |    75 |    50 ||   149

Table legend:
 A = Spawn XP
 B = Non-spawn XP
 C = Spawn XP percentage of total XP
 D = Spawn monster count
 E = Non-spawn monster count
 F = Spawn count percentage of total count
 G = Total turns spent on level
                    A         B        C        D         E        F      G
               +---------+---------+-------+---------+---------+-------+---------
         Total |       0 |     941 |   0.0 |       0 |      97 |   0.0 |  4301
               +---------+---------+-------+---------+---------+-------+---------
           D:1 |       0 |      13 |   0.0 |       0 |       7 |   0.0 |   586
           D:2 |       0 |     216 |   0.0 |       0 |      30 |   0.0 |   913
           D:3 |       0 |     207 |   0.0 |       0 |      33 |   0.0 |  1591
           D:4 |       0 |     371 |   0.0 |       0 |      21 |   0.0 |   852
           D:5 |       0 |     134 |   0.0 |       0 |       6 |   0.0 |   195
               +---------+---------+-------+---------+---------+-------+---------
